 Dungeon Crawl Stone Soup version 0.25-a0-681-gdf4e720381 (console) character file.

Game seed: 9886098115543395053, levelgen mode: classic

84 Duffy the Chopper (level 4, 0/35 HPs)
             Began as a Demonspawn Fighter on Mar 30, 2020.
             Succumbed to Crazy Yiuf's poison
             ... on level 2 of the Dungeon.
             The game lasted 00:00:56 (1452 turns).

Duffy the Chopper (Demonspawn Fighter)              Turns: 1452, Time: 00:00:57

Health: 0/35       AC:  9    Str: 18    XL:     4   Next: 23%
Magic:  4/4        EV:  7    Int:  9    God:
Gold:   15         SH:  8    Dex: 12    Spells: 3/3 levels left

rFire    . . .     SeeInvis .   a - +0 war axe
rCold    . . .     Gourm    .   c - +0 kite shield
rNeg     . . .     Faith    +   b - +0 scale mail
rPois    .         Spirit   .   (no helmet)
rElec    .         Reflect  .   (no cloak)
rCorr    .         Harm     .   (no gloves)
MR       +....                  l - +0 pair of boots
Stlth    ..........             m - amulet of faith
HPRegen  0.11/turn              e - ring of protection from magic
MPRegen  0.09/turn              (no ring)

@: lethally poisoned (0 -> -5)
A: talons 1, thin metallic scales 1, spiny 1
a: no special abilities


You were on level 2 of the Dungeon.
You were hungry.

You visited 1 branch of the dungeon, and saw 2 of its levels.

You collected 15 gold pieces.

Inventory:

Hand Weapons
 a - a +0 war axe (weapon)
Armour
 b - a +0 scale mail (worn)
 c - a +0 kite shield (worn)
 l - a +0 pair of boots (worn)
Jewellery
 e - a ring of protection from magic (left hand)
 m - an amulet of faith (around neck)
Scrolls
 g - a scroll of identify {unknown}
 h - a scroll of immolation {unknown}
 j - a scroll of magic mapping {unknown}
 k - a scroll of enchant armour {unknown}
Potions
 d - a potion of might
 i - a potion of lignification {unknown}
Comestibles
 f - 5 rations


   Skills:
 - Level 3.0 Fighting
 + Level 4.1 Axes
 - Level 2.6 Armour
 - Level 2.6 Shields


You had 3 spell levels left.
You didn't know any spells.
Your spell library was empty.

Dungeon Overview and Level Annotations

Branches:
Dungeon (2/15)

Altars:


Innate Abilities, Weirdness & Mutations

You have sharp toenails.
You are partially covered in thin metallic scales. (AC +2)
You are partially covered in sharp spines.


Message History

You have reached level 4!
You feel stronger.
Your demonic ancestry asserts itself...
Sharp spines emerge from parts of your body.
You feel sick.
You feel sick.
Things that are here:
a +3 quarterstaff of chaos; a +0 cloak; a wand of digging (4)
There is a lethal amount of poison in your body!
There is a lethal amount of poison in your body!
There is a lethal amount of poison in your body!
There is a lethal amount of poison in your body!
There is a lethal amount of poison in your body!
There is a lethal amount of poison in your body!
You feel sick.
You feel sick.
You feel sick.
You feel sick.
You feel sick.
You feel sick.
You die...

.... #.#
##.#...............
... #..
#.#######.........
.. #.# #...######
### #.[.####
#......### #####
#.......). #..)#
#...#..777 #...#
#####.7# # #.@.#
#.7 ##'## ####.7# #
77.7 #.....777 7.77
#........ 77.7
#.....##..... 7.77
#...#( ###### 77.77
#.. #. # 7..P77 #.
#. # 7P.PP7 # #. #


There were no monsters in sight!

Vanquished Creatures
  Crazy Yiuf (D:2)
  2 adders (D:2)
  2 dart slugs
  2 leopard geckos
  A ball python (D:2)
  3 giant cockroaches
  3 goblins
  2 hobgoblins (D:1)
  3 jackals (D:1)
  4 bats
  A frilled lizard (D:2)
  5 kobolds (D:1)
  A rat (D:2)
30 creatures vanquished.

Notes
Turn   | Place    | Note
-------+----------+-------------------------------------------
     0 | D:1      | Duffy the Demonspawn Fighter began the quest for the Orb.
     0 | D:1      | Reached XP level 1. HP: 18/18 MP: 1/1
    41 | D:1      | Reached skill level 2 in Axes
    80 | D:1      | Gained mutation: You have sharp toenails. [demonic
                  | ancestry]
    80 | D:1      | Reached XP level 2. HP: 18/24 MP: 2/2
   506 | D:1      | Reached skill level 3 in Axes
   802 | D:2      | Gained mutation: You are partially covered in thin metallic
                  | scales. (AC +2) [demonic ancestry]
   802 | D:2      | Reached XP level 3. HP: 16/29 MP: 3/3
  1310 | D:2      | Found a runed translucent door,
  1311 | D:2      | Noticed Crazy Yiuf
  1441 | D:2      | Killed Crazy Yiuf
  1441 | D:2      | Reached skill level 4 in Axes
  1441 | D:2      | Gained mutation: You are partially covered in sharp spines.
                  | [demonic ancestry]
  1441 | D:2      | Reached XP level 4. HP: 9/35 MP: 4/4
  1450 | D:2      | HP: 1/35 [poisoned by Crazy Yiuf]
  1452 | D:2      | Succumbed to Crazy Yiuf's poison

Levels and vault maps discovered:
D:1:      wander_arrival_chamber, layout_basic
D:2:      layout_loops_cross, minmay_stone_trees_small, uniq_crazy_yiuf_cottage

Skill      XL: |  1  2  3 |
---------------+----------+-----
Axes           | 2 3 4 |  4.1
Fighting       | |  3.0
Armour         | |  2.6
Shields        | |  2.6

Action                   |  1- 3 |  4- 6 || total
-------------------------+-------+-------++-------
Melee: War axe           |   102 |       ||   102
       Kick              |    12 |       ||    12
  Eat: Chunk             |     1 |       ||     1
Armor: Scale mail        |    71 |       ||    71
Dodge: Dodged            |    28 |       ||    28
Block: Kite shield       |    59 |       ||    59

Table legend:
 A = Non-vault XP
 B = Vault XP
 C = Vault XP percentage of total XP
 D = Non-vault monster count
 E = Vault monster count
 F = Vault count percentage of total count
                 A         B        C        D         E       F
            +---------+---------+-------+---------+---------+-------
      Total |      79 |      41 |  34.2 |      29 |       1 |   3.3
            +---------+---------+-------+---------+---------+-------
        D:1 |      36 |       0 |   0.0 |      19 |       0 |   0.0
        D:2 |      43 |      41 |  48.8 |      10 |       1 |   9.1
            +---------+---------+-------+---------+---------+-------
